Map: Acid Plant LE

Players

Serral - Winner!

  • Race: Zerg Zerg
  • Spawn Location: 11:00

Stephano

  • Race: Zerg Zerg
  • Spawn Location: 5:00

Event: WCS Leipzig 2018

VOD

Have the link to the VOD?

Description

Time

  • Played on: Jan. 26, 2018, 12:19 p.m.
  • Length: 10:23

All games in this series

Show
View Real Time Build Order
Export as new Build Order

Serral Zerg - Winner!

Build Orders: Hatch First 

Get SALT Encoding   

  12  0:00  Drone  
  13  0:12  Overlord  
  13  0:16  Drone  
  14  0:30  Drone  
  14  0:31  Drone  
  14  0:35  Drone  
  17  0:51  Hatchery  
  17  0:54  Drone  
  17  0:58  Drone  
  17  1:01  Extractor  
  17  1:13  Spawning Pool  
  17  1:16  Drone  
  17  1:20  Drone  
  18  1:28  Drone  
  19  1:38  Overlord  
  19  1:49  Drone  
  20  1:59  Queen  
  20  2:00  Zergling x2  
  20  2:01  Metabolic Boost  
  23  2:03  Queen  
  23  2:08  Zergling x2  
  26  2:11  Drone  
  26  2:14  Drone  
  28  2:22  Drone  
  29  2:24  Drone  
  30  2:36  Hatchery  
  29  2:39  Drone  
  30  2:45  Baneling Nest  
  30  2:49  Overlord  
  29  2:52  Zergling x2  
  29  2:54  Zergling x2  
  29  2:56  Zergling x2  
  32  2:59  Zergling x2  
  32  3:05  Zergling x2  
  34  3:06  Overlord  
  34  3:09  Zergling x2  
  35  3:16  Drone  
  35  3:17  Drone x2  
  38  3:21  Drone  
  38  3:23  Drone  
  38  3:25  Zergling x2  
  38  3:26  Drone  
  42  3:28  Baneling  
  42  3:29  Baneling  
  42  3:33  Drone  
  43  3:36  Drone  
  43  3:39  Drone  
  46  3:41  Drone x2  
  46  3:45  Drone  
  46  3:48  Drone x2  
  48  3:52  Drone x2  
  48  3:53  Drone  
  48  3:58  Evolution Chamber  
  48  4:00  Zergling x2  
  48  4:01  Zergling x2  
  48  4:02  Zergling x2  
  48  4:04  Baneling x2  
  48  4:08  Queen  
  50  4:11  Zergling x4  
  50  4:14  Drone  
  53  4:17  Extractor  
  53  4:18  Zergling x2  
  53  4:21  Zergling x4  
  55  4:24  Baneling  
  55  4:25  Baneling  
  55  4:26  Zerg Missile Weapons Level 1  
  55  4:31  Drone x2  
  57  4:35  Overlord  
  57  4:36  Drone x2  
  57  4:37  Overlord  
  58  4:42  Roach Warren  
  58  4:45  Overlord  
  57  4:51  Drone  
  56  4:54  Overlord  
  56  4:55  Overlord  
  56  4:58  Lair  
  56  5:01  Extractor  
  56  5:02  Drone x2  
  56  5:05  Drone x2  
  59  5:10  Baneling x2  
  59  5:14  Drone x3  
  59  5:18  Overlord  
  61  5:24  Roach x2  
  61  5:26  Roach  
  67  5:35  Roach x2  
  67  5:36  Roach x2  
  68  5:43  Drone x3  
  68  5:45  Zergling x2  
  68  5:47  Roach x3  
  78  5:51  Overlord  
  78  5:52  Drone x2  
  78  5:53  Extractor  
  78  5:55  Drone  
  78  5:56  Extractor, Glial Reconstitution  
  79  5:57  Overseer  
  79  6:03  Drone x2  
  81  6:04  Zergling x4  
  81  6:05  Roach x2  
  81  6:08  Drone x2  
  81  6:10  Drone  
  90  6:13  Overlord  
  90  6:14  Drone x2  
  90  6:15  Drone  
  93  6:22  Zerg Missile Weapons Level 2  
  93  6:24  Overlord, Evolution Chamber  
  92  6:28  Drone x3  
  92  6:29  Drone  
  92  6:31  Drone x2  
  98  6:35  Drone x3  
  98  6:38  Extractor  
  99  6:43  Baneling x2  
  99  6:49  Roach x3  
  105  6:55  Zerg Ground Armor Level 1  
  105  6:56  Roach  
  105  6:59  Hatchery, Roach x2  
  110  7:01  Overlord  
  110  7:03  Roach  
  110  7:07  Roach x2  
  116  7:09  Roach  
  116  7:10  Roach  
  116  7:13  Roach x2  
  122  7:19  Roach x3  
  122  7:20  Roach  
  128  7:26  Roach x3  
  133  7:33  Ravager x2  
  133  7:34  Ravager, Overlord  
  133  7:35  Ravager  
  133  7:36  Overlord x2  
  137  7:39  Overlord  
  137  7:40  Ravager  
  138  7:49  Overlord  
  138  7:52  Roach x4  
  146  8:03  Roach x8  
  146  8:05  Drone  
  163  8:08  Ravager  
  163  8:09  Pneumatized Carapace  
  163  8:12  Drone, Hatchery  
  164  8:13  Drone x2  
  164  8:15  Roach  
  164  8:16  Roach x2  
  172  8:20  Overlord  
  172  8:26  Overlord  
  172  8:27  Roach x3  
  178  8:42  Roach x4  
  184  8:49  Roach x6  
  184  8:53  Overlord  
  184  8:55  Hydralisk Den  
  193  8:56  Overlord  
  193  9:00  Overlord  
  186  9:04  Roach  
  186  9:07  Overlord  
  186  9:09  Drone  
  184  9:10  Drone  
  184  9:11  Drone x2  
  184  9:16  Drone x3  
  184  9:17  Drone x2  
  191  9:22  Ravager x2  
  191  9:23  Ravager  
  193  9:25  Ravager  
  193  9:29  Roach  
  193  9:30  Roach x6  
  193  9:31  Overseer  
  193  9:37  Roach  
  174  9:39  Queen  
  174  9:41  Spine Crawler  
  174  9:44  Roach x3  
  165  9:48  Roach x3  
  165  9:52  Roach x2  
Show
View Real Time Build Order
Export as new Build Order

Stephano Zerg 

Build Orders: Hatch First 

Get SALT Encoding   

  12  0:00  Drone  
  13  0:12  Overlord  
  13  0:17  Drone  
  14  0:30  Drone  
  14  0:31  Drone  
  14  0:34  Drone  
  17  0:51  Hatchery  
  17  0:54  Drone  
  17  0:57  Drone  
  18  1:08  Extractor  
  17  1:12  Spawning Pool  
  17  1:15  Drone  
  17  1:18  Drone  
  18  1:28  Drone  
  19  1:39  Overlord  
  19  1:50  Drone  
  20  2:00  Drone  
  21  2:02  Queen  
  21  2:03  Queen  
  21  2:04  Drone  
  26  2:09  Metabolic Boost  
  26  2:11  Drone  
  26  2:15  Drone  
  28  2:22  Drone  
  29  2:26  Drone  
  30  2:34  Baneling Nest  
  30  2:35  Drone  
  30  2:36  Drone  
  31  2:37  Queen  
  33  2:50  Hatchery  
  32  2:52  Zergling x2  
  32  2:56  Overlord  
  33  3:00  Zergling x2  
  33  3:04  Drone  
  35  3:05  Zergling x2  
  37  3:21  Extractor  
  37  3:22  Zergling x4  
  37  3:27  Baneling x2  
  39  3:28  Hatchery  
  39  3:29  Drone x2  
  39  3:30  Drone  
  39  3:33  Zergling x6  
  44  3:46  Baneling x3  
  44  3:48  Zergling x2  
  44  3:54  Zergling x2  
  43  4:00  Zergling x2  
  43  4:01  Zergling x2  
  43  4:02  Overlord x2  
  42  4:04  Overlord  
  42  4:06  Drone  
  42  4:07  Overlord  
  42  4:09  Drone, Extractor  
  43  4:11  Evolution Chamber  
  43  4:16  Drone  
  43  4:20  Drone  
  43  4:21  Drone  
  45  4:28  Roach Warren  
  45  4:30  Drone x2  
  46  4:35  Drone  
  46  4:37  Drone x2  
  47  4:39  Drone  
  47  4:41  Zerg Missile Weapons Level 1  
  47  4:44  Drone  
  49  4:48  Drone x3  
  49  4:54  Zergling x8  
  49  4:58  Drone  
  49  4:59  Lair  
  53  5:01  Drone  
  53  5:03  Drone, Extractor  
  53  5:05  Drone x3  
  57  5:10  Drone  
  57  5:13  Drone  
  59  5:17  Drone  
  59  5:27  Zergling x6  
  62  5:35  Zergling x6  
  56  5:36  Zergling x2  
  53  5:44  Drone x4  
  53  5:45  Drone x2  
  53  5:46  Drone x2  
  53  5:47  Drone x2  
  53  5:48  Drone x3  
  66  5:50  Baneling x3  
  66  5:54  Drone x2  
  68  5:57  Glial Reconstitution  
  68  5:58  Drone  
  68  6:04  Drone x2  
  70  6:11  Overlord  
  70  6:15  Extractor  
  69  6:19  Roach x6  
  69  6:20  Overlord x2  
  69  6:23  Overlord  
  81  6:27  Spine Crawler  
  81  6:30  Roach x4  
  81  6:31  Roach  
  90  6:38  Overlord  
  90  6:39  Zerg Missile Weapons Level 2  
  89  6:40  Roach  
  91  6:47  Roach  
  91  6:48  Roach x5  
  91  6:52  Overlord  
  91  6:54  Overlord  
  103  6:57  Roach x2  
  103  6:58  Roach  
  109  7:05  Roach x3  
  115  7:11  Roach x2  
  115  7:12  Roach x2  
  123  7:20  Roach x4  
  123  7:22  Overlord  
  130  7:25  Overlord  
  130  7:26  Overlord  
  130  7:28  Overlord  
  127  7:30  Extractor  
  127  7:35  Overlord  
  126  7:38  Overlord  
  126  7:43  Drone x4  
  130  7:45  Drone x3  
  130  7:51  Drone x2  
  135  7:52  Tunneling Claws  
  135  7:53  Burrow  
  135  8:00  Roach x5  
  141  8:08  Roach x4  
  141  8:12  Extractor  
  148  8:21  Roach  
  148  8:22  Roach x6  
  162  8:29  Unknown  
  162  8:31  Hydralisk Den  
  162  8:32  Hatchery  
  139  8:50  Roach x10  
  151  8:57  Roach x4  
  151  9:00  Roach x6  
  151  9:02  Ravager x3  
  147  9:10  Roach x2  
  147  9:11  Roach x3  
  151  9:21  Roach x6  
  141  9:32  Roach x3  
  141  9:35  Unknown x3  
  141  9:37  Roach  
  141  9:38  Roach x4  
  139  9:41  Roach  
  120  9:47  Roach Warren  
  120  9:48  Hydralisk  
  117  9:57  Roach x3  
Tags
 
Add a new tag
Caveats
  • Supply blocks, unpowered buildings, or Contaminate may cause inaccurate times.
  • Supply counts are checked every 10 seconds.